 Dungeon Crawl Stone Soup version 0.27.1-3-gb3d3a73c9e (webtiles) character file.

Game seed: 10832254754270217173

395 Descartes the Magician (level 6, -1/30 (32) HPs)
             Began as a Deep Elf Fire Elementalist on Oct 7, 2021.
             Slain by Edmund (11 damage)
             ... on level 4 of the Dungeon.
             The game lasted 00:07:20 (4315 turns).

Descartes the Magician (Deep Elf Fire Elementalist) Turns: 4315, Time: 00:07:21

HP:   -1/30 (32)    AC:  6    Str:  5    XL:     6   Next: 52%
MP:   3/14          EV: 13    Int: 22    God:
Gold: 152           SH:  0    Dex: 15    Spells: 13/14 levels left

rFire    . . .     SeeInvis .   b - +0 short sword
rCold    . . .     Faith    .   (no shield)
rNeg     . . .     Spirit   .   a - +0 robe
rPois    .         Reflect  .   t - +0 helmet
rElec    .         Harm     .   p - +2 cloak
rCorr    .         Rampage  .   (no gloves)
Will     +....                  (no boots)
Stlth    +++.......             (no amulet)
HPRegen  0.10/turn              g - ring of flight
MPRegen  0.14/turn              w - ring of willpower

@: flying, drained
A: no striking features
a: no special abilities


You were on level 4 of the Dungeon.
You visited 1 branch of the dungeon, and saw 4 of its levels.

You collected 152 gold pieces.

Inventory:

Hand Weapons
 b - a +0 short sword (weapon)
 u - a +0 hunting sling
Missiles
 l - 91 stones
 r - 53 arrows
Armour
 a - a +0 robe (worn)
 f - a +0 helmet
 k - a +0 tower shield
 p - a +2 cloak (worn)
 t - a +0 helmet (worn)
Magical Staves
 z - a staff of earth
Jewellery
 g - a ring of flight (left hand)
 v - a ring of ice
 w - a ring of willpower (right hand)
Wands
 n - a wand of paralysis (10)
Scrolls
 c - a scroll of holy word {unknown}
 e - 2 scrolls of noise {unknown}
 i - 2 scrolls of teleportation {unknown}
 j - 3 scrolls of identify {unknown}
 m - a scroll of vulnerability {unknown}
 o - 2 scrolls of magic mapping {unknown}
 x - a scroll of enchant armour {unknown}
 y - a scroll of amnesia {unknown}
Potions
 d - a potion of curing {unknown}
 h - a potion of attraction {unknown}
 q - a potion of lignification {unknown}
 s - a potion of flight {unknown}


   Skills:
 + Level 3.9 Dodging
 + Level 4.0 Stealth
 + Level 1.5 Shields
 + Level 4.6 Spellcasting
 + Level 3.0 Conjurations
 + Level 4.4 Fire Magic
 + Level 2.1 Poison Magic


You had 13 spell levels left.
You knew the following spells:

 Your Spells              Type           Power      Damage    Failure   Level
a - Foxfire               Conj/Fire      84%        2x1d8     2%          1

Your spell library contained the following spells:

 Spells                   Type           Power      Damage    Failure   Level
 Conjure Flame            Conj/Fire      21%        6-21      7%          3
 Animate Skeleton         Necr           10%        N/A       11%         1
 Apportation              Tloc           10%        N/A       11%         1
 Corona                   Hex            5%         N/A       11%         1
 Summon Small Mammal      Summ           20%        N/A       11%         1
 Ignite Poison            Fire/Tmut/Pois 14%        N/A       13%         3
 Inner Flame              Hex/Fire       14%        N/A       13%         3
 Mephitic Cloud           Conj/Pois/Air  12%        N/A       16%         3
 Sticky Flame             Conj/Fire      21%        2d4       22%         4
 Fireball                 Conj/Fire      10%        3d6       54%         5
 Bolt of Magma            Conj/Fire/Erth 8%         4d6       71%         5


Dungeon Overview and Level Annotations

Branches:
Dungeon (4/15)
 Temple: D:4-7

Altars:
Trog

Annotations:
D:4 Edmund


Message History

The foxfire hits Edmund.
Edmund is heavily wounded.
Edmund hits you with a +4 flail of draining!
You feel drained.
Casting: Foxfire (safe; 2% risk of failure)
Confirm with . or Enter, or press ? or * to list all spells.
You conjure some foxfire!
The foxfire hits Edmund but does no damage.
Edmund is heavily wounded.
The foxfire hits Edmund.
Edmund is heavily wounded.
Edmund hits you with a +4 flail of draining!
You feel drained.
* * * LOW HITPOINT WARNING * * *
Casting: Foxfire (safe; 2% risk of failure)
Confirm with . or Enter, or press ? or * to list all spells.
You conjure some foxfire!
The foxfire hits Edmund but does no damage.
Edmund is heavily wounded.
The foxfire hits Edmund.
Edmund is severely wounded.
Edmund barely misses you.
Unknown command.
Casting: Foxfire (safe; 2% risk of failure)
Confirm with . or Enter, or press ? or * to list all spells.
You conjure some foxfire!
The foxfire hits Edmund.
Edmund is severely wounded.
The foxfire hits Edmund but does no damage.
Edmund is severely wounded.
Edmund misses you.
The foxfire hits Edmund.
Edmund is almost dead.
The foxfire hits Edmund but does no damage.
Edmund is almost dead.
Edmund barely misses you.
Casting: Foxfire (safe; 2% risk of failure)
Confirm with . or Enter, or press ? or * to list all spells.
You conjure some foxfire!
Edmund hits you with a +4 flail of draining!
You die...

#.## #.# .##.####
#..# #.# ...@ ...
##.# #.# ... ...
#.# #.# .. .... #.#
#.# .# #### #.#
####.#######@# #.#
#............#
##.###...v...##.###
#...##..@@...##.#
#.......v.......#
#...##.......####
######.......#
#.......# #########


You could see Edmund (ally target).

Vanquished Creatures
  A necrophage (D:4)
  A phantom (D:4)
  A scorpion (D:4)
  An iguana (D:4)
  3 gnolls (D:4)
  2 adders
  A white imp (D:4)
  A worm (D:3)
  6 orcs
  6 endoplasms
  3 giant cockroaches
  8 goblins
  5 hobgoblins
  13 jackals
  2 quokkas
  7 ball pythons
  6 bats
  2 frilled lizards
  4 kobolds
  9 rats
82 creatures vanquished.

Vanquished Creatures (others)
  404 foxfires
404 creatures vanquished.

Grand Total: 486 creatures vanquished

Notes
Turn   | Place    | Note
-------+----------+-------------------------------------------
     0 | D:1      | Descartes the Deep Elf Fire Elementalist began the quest
                  | for the Orb.
     0 | D:1      | Reached XP level 1. HP: 10/10 MP: 6/6
   285 | D:1      | Reached XP level 2. HP: 15/15 MP: 0/8
  1100 | D:2      | Found a faded altar of an unknown god.
  1573 | D:2      | Reached XP level 3. HP: 19/19 MP: 7/9
  2242 | D:3      | Found a bloodstained altar of Trog.
  2716 | D:3      | Reached XP level 4. HP: 24/24 MP: 4/11
  3203 | D:4      | Noticed a necrophage
  3214 | D:4      | Killed a necrophage
  3215 | D:4      | Reached skill level 1 in Shields
  3215 | D:4      | Reached skill level 1 in Poison Magic
  3215 | D:4      | Reached XP level 5. HP: 28/28 MP: 6/13
  3362 | D:4      | Noticed an ogre
  4008 | D:4      | Reached XP level 6. HP: 32/32 MP: 8/14
  4286 | D:4      | Noticed Edmund
  4315 | D:4      | Slain by Edmund

Illustrated notes

Levels and vault maps discovered:
D:1:      lightli_arrival_flooded_house, layout_rooms, minmay_close_crescents
D:2:      layout_loops_corners, ebering_ecumenical_altar_ruins
D:3:      layout_loops_ring, lemuel_crystal_altar, nrook_uturn
D:4:      layout_loops_ring, uniq_edmund

Skill      XL: |  1  2  3  4  5  6 |
---------------+-------------------+-----
Stealth        | 3 4 |  4.0
Conjurations   | 2 3 |  3.0
Dodging        | 3 |  3.9
Shields        | 1 |  1.5
Spellcasting   | 4 |  4.6
Fire Magic     | 4 |  4.4
Poison Magic   | 1 2 |  2.1

Action                   |  1- 3 |  4- 6 || total
-------------------------+-------+-------++-------
 Cast: Foxfire           |   120 |   124 ||   244
Armor: Robe              |     6 |    13 ||    19
Dodge: Dodged            |    10 |    22 ||    32
